 Dungeon Crawl Stone Soup version 0.31-a0-654-gbe3e110b4e (webtiles) character file.

Game seed: 6120711483706564665

2515 cforsyth the Prestidigitator (level 9, -3/68 HPs)
             Began as a Gnoll Artificer on Aug 29, 2023.
             Slain by a wight
             ... wielding a +0 battleaxe
              (37 damage)
             ... on level 7 of the Dungeon.
             The game lasted 00:15:00 (10195 turns).

cforsyth the Prestidigitator (Gnoll Artificer)     Turns: 10195, Time: 00:15:01

Health: -3/68      AC:  9    Str: 15    XL:     9   Next: 54%
Magic:  24/24      EV:  2    Int: 19    God:
Gold:   302        SH:  0    Dex: 17    Spells: 13/16 levels left

rFire   . . .        J - +2 flail (holy)
rCold   . . .        (no shield)
rNeg    . . .        M - +4 robe of Augmentation {Str+4 Int+4 Dex+4}
rPois   +            r - +0 helmet
rElec   .            (no cloak)
rCorr   .            q - +0 pair of gloves
SInv    .            (no boots)
Will    .....        (no amulet)
Stlth   +++          f - ring of magical power
HPRegen 0.31/turn    K - ring of poison resistance
MPRegen 0.19/turn

%: no passive effects
@: sleeping
A: fangs 1, strong nose, distributed training
a: no special abilities


You were on level 7 of the Dungeon.
You visited 1 branch of the dungeon, and saw 7 of its levels.
You also visited: Ossuary.

You collected 380 gold pieces.
You spent 78 gold pieces at shops.

Inventory:

Hand Weapons
 c - a +0 flail of protection
 p - a +0 short sword of freezing
 J - a +2 flail of holy wrath (weapon)
Missiles
 n - 2 atropa-tipped darts
Armour
 q - a +0 pair of gloves (worn)
 r - a +0 helmet (worn)
 M - the +4 robe of Augmentation (worn) {Str+4 Int+4 Dex+4}
   (You found it on level 7 of the Dungeon)

   Str+4:     It affects your strength (+4).
   Int+4:     It affects your intelligence (+4).
   Dex+4:     It affects your dexterity (+4).
Jewellery
 f - a ring of magical power (left hand)
 K - a ring of poison resistance (right hand)
 L - a ring of wizardry
Wands
 a - a wand of quicksilver (8)
 d - a wand of charming (8)
 e - a wand of iceblast (1)
 z - a wand of mindburst (2)
Scrolls
 g - a scroll of fog {unknown}
 i - 4 scrolls of poison {unknown}
 k - 3 scrolls of revelation
 l - 5 scrolls of blinking
 o - 2 scrolls of fear {unknown}
 s - 2 scrolls of noise {unknown}
 t - a scroll of enchant weapon {unknown}
 w - 4 scrolls of teleportation {unknown}
 x - 7 scrolls of identify {unknown}
 y - 2 scrolls of enchant armour {unknown}
 A - a scroll of vulnerability {unknown}
 C - a scroll of silence {unknown}
 D - 2 scrolls of acquirement {unknown}
 H - 2 scrolls of torment {unknown}
Potions
 h - a potion of ambrosia {unknown}
 j - 6 potions of curing {unknown}
 m - 3 potions of enlightenment {unknown}
 u - 2 potions of degeneration {unknown}
 v - 3 potions of lignification {unknown}
 B - a potion of might {unknown}
 E - a potion of heal wounds {unknown}
 F - a potion of attraction {unknown}
 G - a potion of resistance {unknown}
 I - a potion of cancellation {unknown}


   Skills:
 + Level 5.2 Fighting
 + Level 4.4 Short Blades
 + Level 4.4 Long Blades
 + Level 4.4 Axes
 + Level 4.4 Maces & Flails
 + Level 4.4 Polearms
 + Level 4.4 Staves
 + Level 4.4 Ranged Weapons
 + Level 4.4 Throwing
 + Level 6.4 Armour
 + Level 5.2 Dodging
 + Level 5.1 Stealth
 + Level 4.4 Shields
 + Level 4.4 Unarmed Combat
 + Level 4.4 Spellcasting
 + Level 3.6 Conjurations
 + Level 3.6 Hexes
 + Level 3.6 Summonings
 + Level 3.6 Necromancy
 + Level 3.6 Translocations
 + Level 3.6 Transmutations
 + Level 3.6 Fire Magic
 + Level 3.6 Ice Magic
 + Level 3.6 Air Magic
 + Level 3.6 Earth Magic
 + Level 3.6 Poison Magic
 + Level 4.9 Invocations
 + Level 8.0 Evocations
 + Level 4.0 Shapeshifting


You had 13 spell levels left.
You knew the following spells:

 Your Spells              Type           Power      Damage    Failure   Level
a - Stone Arrow           Conj/Erth      36%        3d9       9%          3

Your spell library contained the following spells:

 Spells                   Type           Power      Damage    Failure   Level
 Freeze                   Ice            72%        1d8       3%          1
 Sandblast                Erth           36%        2d10      3%          1
 Passwall                 Tmut/Erth      15%        N/A       4%          2
 Wereblood                Tmut           18%        N/A       4%          2
 Call Canine Familiar     Summ           18%        N/A       9%          3
 Frozen Ramparts          Ice            36%        1d6       9%          3
 Hailstorm                Conj/Ice       18%        3d6       9%          3
 Portal Projectile        Hex/Tloc       36%        N/A       9%          3
 Animate Armour           Summ/Erth      36%        N/A       28%         4
 Leda's Liquefaction      Hex/Erth       9%         N/A       28%         4
 Irradiate                Conj/Tmut      9%         3d14      63%         5
 Lehudib's Crystal Spear  Conj/Erth      9%         10d4      100%        8


Dungeon Overview and Level Annotations

Branches:
Dungeon (7/15)             Temple (0/1) D:7         Ossuary (visited)

Altars:
Xom

Shops:
D:3 *

Annotations:
D:5 Edmund


Innate Abilities, Weirdness & Mutations

You have very sharp teeth.
Your uncanny sense of smell can sniff out nearby items.
Your experience applies equally to all skills.


Message History

A sleepcap comes into view.
Found a wooden ring.
The wight misses you.
Things that are here:
a +0 falchion; a +0 robe You thump the wight!
The wight convulses!
You destroy the wight!
Your Shapeshifting skill increases to level 4! 2 wights come into view.
Found a club.
A wight comes into view. It is wielding a +0 battleaxe.
The wight hits you with a +2 great sword.
You feel drained.
You hit the wight but do no damage. Your bite misses the wight.
The wight hits you with a +2 great sword.
You barely miss the wight. The wight hits you with a +0 flail!
The wight hits you with a +2 great sword.
You feel drained.
You hit the wight but do no damage. Your bite misses the wight.
The wight misses you. The wight closely misses you.
The sleepcap releases spores at you!
You sock the wight!
The wight convulses!
You destroy the wight!
The wight hits you but does no damage. The sleepcap releases spores at you.
Your life force feels restored.
Your Evocations skill increases to level 8!
You hit the wight but do no damage. The wight closely misses you.
The wight barely misses you. The sleepcap closely misses you.
You sock the wight!
The wight convulses!
You destroy the wight!
The wight hits you with a +0 battleaxe! The sleepcap barely misses you.
The wight hits you with a +0 battleaxe.
You feel drained. The sleepcap barely misses you.
Your life force feels restored.
You closely miss the wight. The wight barely misses you.
The sleepcap releases spores at you.
You are engulfed in a cloud of soporific spores!
You fall asleep.
The wight hits you with a +0 battleaxe!!!
Ouch! That really hurt!
You die...

############
#.......=..####
#....?.........
#......))..#
###.....f@z..# #.#
.........##+## #.#
.........# #.# #####
........)# # #.# #....
).......)##.# #.# #....
............# #.# #....
########.#######.# #####
######.#####...#########
.........................


You could see a sleepcap and a wight.

Vanquished Creatures
  Prince Ribbit (D:7)
  Sigmund (D:6)
  Menkaure (Ossuary)
  A water moccasin (D:6)
  A sky beast (D:7)
  2 black bears (D:6)
  A centaur (D:6)
  A phantom (D:4)
  Blork the orc (D:6)
  A bullfrog (D:6)
  2 elf zombies (Ossuary)
  A gnoll sergeant (D:6)
  2 scorpions
  4 wights (D:7)
  A howler monkey (D:4)
  A jelly (D:6)
  A human zombie (Ossuary)
  A centaur zombie (Ossuary)
  An orc priest (D:6)
  4 hounds
  A sleepcap (D:6)
  Terence (D:2)
  4 iguanas
  An orc wizard (D:5)
  Natasha (thrice) (D:3)
  4 ogre zombies (Ossuary)
  6 mummies (Ossuary)
  Robin (D:2)
  3 gnolls (D:6)
  4 adders
  A shadow imp (D:5)
  A white imp (D:6)
  An ufetubus (D:7)
  4 adder zombies (Ossuary)
  4 worms
  2 dart slugs
  10 orcs
  5 ball pythons
  4 endoplasms
  2 giant cockroaches
  11 goblins
  10 hobgoblins
  3 jackals (D:5)
  4 kobolds
  4 quokkas
  10 bats
  2 frilled lizards (D:2)
  A gnoll zombie (Ossuary)
  2 goblin zombies (Ossuary)
  6 hobgoblin zombies (Ossuary)
  A kobold zombie (Ossuary)
  An orc zombie (Ossuary)
  6 quokka zombies (Ossuary)
  5 rats
  A rat zombie (Ossuary)
158 creatures vanquished.

Vanquished Creatures (others)
  A hobgoblin (D:2)
  2 goblins (D:2)
3 creatures vanquished.

Grand Total: 161 creatures vanquished

Notes
Turn   | Place    | Note
-------+----------+-------------------------------------------
     0 | D:1      | cforsyth the Gnoll Artificer began the quest for the Orb.
     0 | D:1      | Reached XP level 1. HP: 17/17 MP: 1/1
   334 | D:1      | Reached XP level 2. HP: 19/23 MP: 2/2
  1336 | D:2      | Reached XP level 3. HP: 14/28 MP: 3/3
  1470 | D:2      | Found a shimmering altar of Xom.
  1494 | D:2      | Reached skill level 1 in Invocations
  1640 | D:2      | Found a faded altar of an unknown god.
  1811 | D:2      | Reached skill level 1 in Short Blades
  1811 | D:2      | Reached skill level 1 in Long Blades
  1811 | D:2      | Reached skill level 1 in Axes
  1811 | D:2      | Reached skill level 1 in Maces & Flails
  1811 | D:2      | Reached skill level 1 in Polearms
  1811 | D:2      | Reached skill level 1 in Staves
  1811 | D:2      | Reached skill level 1 in Ranged Weapons
  1811 | D:2      | Reached skill level 1 in Throwing
  1811 | D:2      | Reached skill level 1 in Shields
  1811 | D:2      | Reached skill level 1 in Unarmed Combat
  1811 | D:2      | Reached skill level 1 in Spellcasting
  1916 | D:2      | Noticed Robin
  1966 | D:2      | Reached XP level 4. HP: 26/34 MP: 5/5
  2054 | D:2      | Reached skill level 1 in Shapeshifting
  2449 | D:2      | Noticed Terence
  2459 | D:2      | Killed Terence
  2460 | D:2      | Reached skill level 1 in Conjurations
  2460 | D:2      | Reached skill level 1 in Hexes
  2460 | D:2      | Reached skill level 1 in Summonings
  2460 | D:2      | Reached skill level 1 in Necromancy
  2460 | D:2      | Reached skill level 1 in Translocations
  2460 | D:2      | Reached skill level 1 in Transmutations
  2460 | D:2      | Reached skill level 1 in Fire Magic
  2460 | D:2      | Reached skill level 1 in Ice Magic
  2460 | D:2      | Reached skill level 1 in Air Magic
  2460 | D:2      | Reached skill level 1 in Earth Magic
  2460 | D:2      | Reached skill level 1 in Poison Magic
  2666 | D:2      | Found a faded altar of an unknown god.
  2706 | D:2      | Killed Robin
  3786 | D:2      | Found a shimmering altar of Xom.
  4299 | D:3      | Noticed Natasha
  4304 | D:3      | Killed Natasha
  4304 | D:3      | Noticed Natasha
  4305 | D:3      | Reached XP level 5. HP: 34/40 MP: 5/7
  4315 | D:3      | Killed Natasha
  4415 | D:3      | Found Jaaxiher's Assorted Antiques.
  4423 | D:3      | Bought a scroll labelled JICIABB TAAGG for 21 gold pieces
  4423 | D:3      | Bought a murky emerald potion for 18 gold pieces
  4423 | D:3      | Bought a scroll labelled TENISUI YZ OW BAR for 21 gold
                  | pieces
  4423 | D:3      | Bought a red potion for 18 gold pieces
  4475 | D:3      | Noticed Natasha
  4487 | D:3      | Killed Natasha
  5048 | D:4      | Reached XP level 6. HP: 47/47 MP: 8/8
  5203 | D:4      | Reached skill level 5 in Armour
  5635 | D:4      | Reached XP level 7. HP: 7/52 MP: 10/10
  5859 | D:4      | Reached skill level 7 in Evocations
  6080 | D:5      | Entered Level 5 of the Dungeon
  6823 | D:5      | Noticed Edmund
  7432 | D:6      | Found a sand-covered staircase.
  7473 | Ossuary  | Entered an ossuary
  7590 | Ossuary  | Reached XP level 8. HP: 51/60 MP: 12/12
  7659 | Ossuary  | Noticed Menkaure
  8400 | Ossuary  | Killed Menkaure
  8637 | D:6      | Noticed Sigmund
  8646 | D:6      | Killed Sigmund
  8853 | D:6      | Reached XP level 9. HP: 42/66 MP: 14/14
  8939 | D:6      | Noticed Blork the orc
  8955 | D:6      | Killed Blork the orc
  9894 | D:7      | Noticed Prince Ribbit
  9919 | D:7      | Reached skill level 5 in Fighting
  9919 | D:7      | Reached skill level 5 in Dodging
  9926 | D:7      | Killed Prince Ribbit
  9995 | D:7      | Found the +4 robe of Augmentation {Str+4 Int+4 Dex+4}
 10024 | D:7      | Learned a level 3 spell: Stone Arrow
 10031 | D:7      | Reached skill level 5 in Stealth
 10081 | D:7      | Found a staircase to the Ecumenical Temple.
 10192 | D:7      | Reached skill level 8 in Evocations
 10195 | D:7      | Slain by a wight

Illustrated notes

Levels and vault maps discovered:
D:1:      moated_graveyard_arrival, layout_basic,
          chequers_serial_rivers_micro_a, hex_large, nicolae_titane
D:2:      layout_rooms, ebering_ecumenical_altar_box, basic_altar,
          nicolae_twisty_statue_hallways, uniq_robin, uniq_terence
D:3:      layout_rooms, serial_shops, nicolae_shop_hallway_stairs,
          serial_co_window_serial, co_window_of_opportunity_a,
          co_window_paths_b, co_window_paths_a, co_window_paths_b,
          co_window_paths_b, co_window_corner_b, co_window_cross_4,
          co_window_corner_b, co_window_4corner_b, glass_columns_a,
          glass_columns_a, glass_columns_a, kennysheep_nub,
          kennysheep_generic_room_12, uniq_natasha
D:4:      layout_basic
D:5:      layout_basic, patterned_corridor, uniq_edmund
D:6:      layout_rooms, nicolae_ossuary_entry_plus, uniq_blork_the_orc,
          uniq_sigmund
D:7:      layout_basic, minmay_temple_entry_stoned_glass, uniq_prince_ribbit1

Skill      XL: |  1  2  3  4  5  6  7  8  9 |
---------------+----------------------------+-----
Invocations    | 1 2 3 4 |  4.9
Short Blades   | 1 2 3 4 |  4.4
Long Blades    | 1 2 3 4 |  4.4
Axes           | 1 2 3 4 |  4.4
Maces & Flails | 1 2 3 4 |  4.4
Polearms       | 1 2 3 4 |  4.4
Staves         | 1 2 3 4 |  4.4
Ranged Weapons | 1 2 3 4 |  4.4
Throwing       | 1 2 3 4 |  4.4
Shields        | 1 2 3 4 |  4.4
Unarmed Combat | 1 2 3 4 |  4.4
Spellcasting   | 1 2 3 4 |  4.4
Shapeshifting  | 1 2 3 4 |  4.0
Conjurations   | 1 2 3 |  3.6
Hexes          | 1 2 3 |  3.6
Summonings     | 1 2 3 |  3.6
Necromancy     | 1 2 3 |  3.6
Translocations | 1 2 3 |  3.6
Transmutations | 1 2 3 |  3.6
Fire Magic     | 1 2 3 |  3.6
Ice Magic      | 1 2 3 |  3.6
Air Magic      | 1 2 3 |  3.6
Earth Magic    | 1 2 3 |  3.6
Poison Magic   | 1 2 3 |  3.6
Fighting       | 3 4 5 |  5.2
Dodging        | 3 4 5 |  5.2
Stealth        | 3 4 5 |  5.1
Armour         | 5 6 |  6.4
Evocations     | 7 8 |  8.0

Action                     |  1- 3 |  4- 6 |  7- 9 || total
---------------------------+-------+-------+-------++-------
  Melee: Club              |   192 |    79 |       ||   271
         Bite              |    15 |    37 |    62 ||   114
         Punch             |     1 |     6 |    23 ||    30
         Short sword       |       |   223 |    99 ||   322
         Flail             |       |       |   391 ||   391
   Cast: Stone Arrow       |       |       |     5 ||     5
  Evoke: Wand              |     4 |    13 |    16 ||    33
    Use: Scroll            |       |       |     2 ||     2
   Stab: Sleeping          |     3 |     5 |    11 ||    19
 Armour: Leather armour    |   109 |    62 |   251 ||   422
         Robe              |       |       |     5 ||     5
  Dodge: Dodged            |   195 |   229 |   392 ||   816

Table legend: (Time is in decaauts)
 A = Elapsed time spent in this place.
 B = Non-inter-level travel time spent in this place.
 C = Inter-level travel time spent in this place.
 D = Time resting spent in this place.
 E = Time spent auto-exploring this place.
 F = Levels seen in this place.
 G = Mean time per level.
                   A        B        C        D        E       F      G
               +--------+--------+--------+--------+--------+-----+--------+
         Total |  10347 |  10089 |    258 |    795 |   6798 |   8 | 1293.4 |
       Dungeon |   9173 |   8915 |    258 |    565 |   6237 |   7 | 1310.4 |
       Ossuary |   1174 |   1174 |      0 |    230 |    561 |   1 | 1174.0 |
               +--------+--------+--------+--------+--------+-----+--------+

Top non-repeatable levels by time:
     D:1: 2606 daAuts
     D:2: 1602 daAuts
     D:6: 1287 daAuts
     D:5: 1247 daAuts
 Ossuary: 1174 daAuts
     D:4: 1060 daAuts
     D:3: 879 daAuts
     D:7: 489 daAuts
